Unix NetHack Version 3.7.0-62 Work-in-progress - last build Sep 11 2022 12:50:24 (50a4e0875b74f16bdbec0d79e29a59bb940978ed,branch:master).

Game began 2022-08-15 14:57:42, ended 2022-12-02 17:12:02.

Merlek, neutral male human Wizard

  
unexplored area
unexplored area
unexplored area
unexplored area
unexplored area
unexplored area
unexplored area
unexplored area
unexplored area
unexplored area
unexplored area
unexplored area
unexplored area
unexplored area
unexplored area
unexplored area
unexplored area
unexplored area
unexplored area
unexplored area
unexplored area
unexplored area
unexplored area
unexplored area
unexplored area
unexplored area
unexplored area
unexplored area
unexplored area
unexplored area
unexplored area
unexplored area
unexplored area
unexplored area
unexplored area
unexplored area
unexplored area
unexplored area
unexplored area
unexplored area
unexplored area
unexplored area
unexplored area
unexplored area
unexplored area
unexplored area
unexplored area
unexplored area
unexplored area
unexplored area
unexplored area
unexplored area
unexplored area
unexplored area
unexplored area
unexplored area
unexplored area
unexplored area
unexplored area
unexplored area
unexplored area
unexplored area
unexplored area
unexplored area
unexplored area
unexplored area
unexplored area
unexplored area
unexplored area
unexplored area
unexplored area
unexplored area
unexplored area
unexplored area
unexplored area
unexplored area
unexplored area
unexplored area
unexplored area
unexplored area
unexplored area
unexplored area
unexplored area
unexplored area
unexplored area
unexplored area
unexplored area
unexplored area
unexplored area
unexplored area
unexplored area
unexplored area
unexplored area
unexplored area
unexplored area
unexplored area
unexplored area
unexplored area
wall
wall
unexplored area
unexplored area
unexplored area
unexplored area
unexplored area
unexplored area
unexplored area
unexplored area
unexplored area
unexplored area
unexplored area
unexplored area
unexplored area
unexplored area
wall
wall
wall
wall
wall
wall
wall
wall
wall
wall
wall
wall
wall
unexplored area
unexplored area
unexplored area
unexplored area
unexplored area
unexplored area
unexplored area
unexplored area
unexplored area
unexplored area
unexplored area
unexplored area
unexplored area
unexplored area
unexplored area
unexplored area
unexplored area
unexplored area
unexplored area
unexplored area
unexplored area
unexplored area
unexplored area
unexplored area
unexplored area
unexplored area
unexplored area
unexplored area
unexplored area
unexplored area
unexplored area
unexplored area
unexplored area
unexplored area
unexplored area
unexplored area
unexplored area
unexplored area
unexplored area
unexplored area
unexplored area
unexplored area
unexplored area
unexplored area
unexplored area
unexplored area
unexplored area
unexplored area
unexplored area
wall
.dark part of a room
.dark part of a room
.dark part of a room
unexplored area
unexplored area
unexplored area
unexplored area
unexplored area
unexplored area
unexplored area
unexplored area
unexplored area
unexplored area
unexplored area
unexplored area
unexplored area
.dark part of a room
.dark part of a room
.dark part of a room
.dark part of a room
.dark part of a room
.dark part of a room
.dark part of a room
.dark part of a room
.dark part of a room
.dark part of a room
.dark part of a room
.dark part of a room
wall
unexplored area
unexplored area
unexplored area
unexplored area
unexplored area
unexplored area
unexplored area
unexplored area
unexplored area
unexplored area
unexplored area
unexplored area
unexplored area
unexplored area
unexplored area
unexplored area
unexplored area
unexplored area
unexplored area
unexplored area
unexplored area
unexplored area
unexplored area
unexplored area
unexplored area
unexplored area
unexplored area
unexplored area
unexplored area
unexplored area
unexplored area
unexplored area
unexplored area
unexplored area
unexplored area
unexplored area
unexplored area
unexplored area
unexplored area
unexplored area
unexplored area
unexplored area
unexplored area
unexplored area
unexplored area
unexplored area
unexplored area
unexplored area
unexplored area
wall
.dark part of a room
.dark part of a room
.dark part of a room
unexplored area
unexplored area
unexplored area
unexplored area
unexplored area
unexplored area
unexplored area
unexplored area
unexplored area
unexplored area
unexplored area
unexplored area
unexplored area
wall
wall
wall
wall
%Famine's corpse
wall
wall
wall
wall
.dark part of a room
.dark part of a room
.dark part of a room
wall
wall
wall
unexplored area
unexplored area
unexplored area
unexplored area
unexplored area
unexplored area
unexplored area
unexplored area
unexplored area
unexplored area
unexplored area
unexplored area
unexplored area
unexplored area
unexplored area
unexplored area
unexplored area
unexplored area
unexplored area
unexplored area
unexplored area
unexplored area
unexplored area
unexplored area
unexplored area
unexplored area
unexplored area
unexplored area
unexplored area
unexplored area
unexplored area
unexplored area
unexplored area
unexplored area
unexplored area
unexplored area
unexplored area
unexplored area
unexplored area
unexplored area
unexplored area
unexplored area
unexplored area
unexplored area
unexplored area
unexplored area
unexplored area
wall
unexplored area
unexplored area
unexplored area
unexplored area
unexplored area
unexplored area
unexplored area
unexplored area
unexplored area
unexplored area
unexplored area
unexplored area
unexplored area
unexplored area
unexplored area
unexplored area
wall
.dark part of a room
.dark part of a room
.dark part of a room
.dark part of a room
.dark part of a room
.dark part of a room
.dark part of a room
wall
wall
.dark part of a room
.dark part of a room
.dark part of a room
.dark part of a room
wall
unexplored area
unexplored area
unexplored area
unexplored area
unexplored area
unexplored area
unexplored area
unexplored area
unexplored area
unexplored area
unexplored area
unexplored area
unexplored area
unexplored area
unexplored area
unexplored area
unexplored area
unexplored area
unexplored area
unexplored area
unexplored area
unexplored area
unexplored area
unexplored area
unexplored area
unexplored area
unexplored area
unexplored area
unexplored area
unexplored area
unexplored area
unexplored area
unexplored area
unexplored area
unexplored area
unexplored area
unexplored area
unexplored area
unexplored area
unexplored area
unexplored area
unexplored area
unexplored area
unexplored area
unexplored area
unexplored area
unexplored area
unexplored area
unexplored area
unexplored area
unexplored area
unexplored area
unexplored area
unexplored area
unexplored area
unexplored area
unexplored area
unexplored area
unexplored area
unexplored area
unexplored area
unexplored area
unexplored area
unexplored area
.dark part of a room
.dark part of a room
.dark part of a room
.dark part of a room
.dark part of a room
.dark part of a room
.dark part of a room
.dark part of a room
.dark part of a room
wall
wall
.dark part of a room
.dark part of a room
.dark part of a room
wall
wall
wall
wall
wall
wall
wall
unexplored area
unexplored area
unexplored area
unexplored area
unexplored area
unexplored area
unexplored area
unexplored area
unexplored area
unexplored area
unexplored area
unexplored area
unexplored area
unexplored area
unexplored area
unexplored area
unexplored area
unexplored area
unexplored area
unexplored area
unexplored area
unexplored area
unexplored area
unexplored area
unexplored area
unexplored area
unexplored area
unexplored area
unexplored area
unexplored area
unexplored area
unexplored area
unexplored area
unexplored area
unexplored area
unexplored area
unexplored area
unexplored area
unexplored area
unexplored area
unexplored area
unexplored area
unexplored area
unexplored area
unexplored area
unexplored area
unexplored area
unexplored area
unexplored area
unexplored area
unexplored area
unexplored area
unexplored area
unexplored area
unexplored area
unexplored area
unexplored area
unexplored area
.dark part of a room
.dark part of a room
.dark part of a room
.dark part of a room
.dark part of a room
.dark part of a room
.dark part of a room
.dark part of a room
.dark part of a room
.dark part of a room
wall
.dark part of a room
.dark part of a room
.dark part of a room
.dark part of a room
.dark part of a room
.dark part of a room
.dark part of a room
.dark part of a room
.dark part of a room
wall
unexplored area
unexplored area
unexplored area
unexplored area
unexplored area
unexplored area
wall
wall
wall
wall
wall
unexplored area
unexplored area
unexplored area
unexplored area
unexplored area
unexplored area
unexplored area
unexplored area
unexplored area
unexplored area
unexplored area
unexplored area
unexplored area
unexplored area
unexplored area
unexplored area
unexplored area
unexplored area
unexplored area
unexplored area
unexplored area
unexplored area
unexplored area
unexplored area
unexplored area
unexplored area
unexplored area
unexplored area
unexplored area
unexplored area
unexplored area
unexplored area
unexplored area
unexplored area
unexplored area
unexplored area
unexplored area
unexplored area
unexplored area
unexplored area
unexplored area
unexplored area
unexplored area
unexplored area
unexplored area
unexplored area
unexplored area
.dark part of a room
.dark part of a room
.dark part of a room
4unknown creature causing you alarm
@priest of Moloch
4unknown creature causing you alarm
.dark part of a room
.dark part of a room
.dark part of a room
wall
wall
wall
wall
wall
wall
wall
wall
.dark part of a room
.dark part of a room
.dark part of a room
wall
unexplored area
unexplored area
unexplored area
unexplored area
unexplored area
unexplored area
wall
.dark part of a room
.dark part of a room
.dark part of a room
unexplored area
unexplored area
unexplored area
unexplored area
unexplored area
unexplored area
unexplored area
unexplored area
unexplored area
unexplored area
unexplored area
unexplored area
unexplored area
unexplored area
unexplored area
unexplored area
unexplored area
unexplored area
unexplored area
unexplored area
unexplored area
unexplored area
unexplored area
unexplored area
unexplored area
unexplored area
unexplored area
unexplored area
unexplored area
unexplored area
unexplored area
unexplored area
unexplored area
unexplored area
unexplored area
unexplored area
unexplored area
unexplored area
unexplored area
unexplored area
unexplored area
unexplored area
unexplored area
unexplored area
unexplored area
unexplored area
unexplored area
unexplored area
wall
.dark part of a room
Dwhite dragon
.dark part of a room
atame soldier ant
atame soldier ant
.dark part of a room
atame killer bee
wall
wall
unexplored area
unexplored area
unexplored area
unexplored area
unexplored area
wall
wall
wall
.doorway
wall
wall
wall
wall
unexplored area
unexplored area
unexplored area
wall
wall
.dark part of a room
.dark part of a room
wall
wall
wall
wall
wall
wall
wall
wall
wall
unexplored area
unexplored area
unexplored area
unexplored area
unexplored area
unexplored area
unexplored area
unexplored area
unexplored area
unexplored area
unexplored area
unexplored area
unexplored area
unexplored area
unexplored area
unexplored area
unexplored area
unexplored area
unexplored area
unexplored area
unexplored area
unexplored area
unexplored area
unexplored area
unexplored area
unexplored area
unexplored area
unexplored area
unexplored area
unexplored area
unexplored area
unexplored area
unexplored area
unexplored area
unexplored area
unexplored area
unexplored area
unexplored area
unexplored area
wall
wall
wall
wall
wall
|open door
wall
wall
wall
wall
wall
unexplored area
unexplored area
unexplored area
unexplored area
unexplored area
.dark part of a room
.dark part of a room
.dark part of a room
!a potion of sickness
.dark part of a room
.dark part of a room
.dark part of a room
wall
wall
unexplored area
wall
wall
.dark part of a room
.dark part of a room
.dark part of a room
wall
.dark part of a room
.dark part of a room
.dark part of a room
.dark part of a room
.dark part of a room
.dark part of a room
.dark part of a room
wall
unexplored area
unexplored area
unexplored area
unexplored area
unexplored area
unexplored area
unexplored area
unexplored area
unexplored area
unexplored area
unexplored area
unexplored area
unexplored area
unexplored area
unexplored area
unexplored area
unexplored area
unexplored area
unexplored area
unexplored area
unexplored area
unexplored area
unexplored area
unexplored area
unexplored area
unexplored area
unexplored area
unexplored area
unexplored area
unexplored area
unexplored area
unexplored area
unexplored area
unexplored area
unexplored area
unexplored area
unexplored area
wall
wall
wall
.dark part of a room
.dark part of a room
akiller bee
.dark part of a room
agiant ant
@peaceful priestess of Thoth
.dark part of a room
.dark part of a room
.dark part of a room
wall
wall
wall
unexplored area
unexplored area
.dark part of a room
.dark part of a room
.dark part of a room
)a mace
.dark part of a room
.dark part of a room
.dark part of a room
.dark part of a room
.dark part of a room
wall
wall
wall
.dark part of a room
.dark part of a room
.dark part of a room
.dark part of a room
wall
.dark part of a room
.dark part of a room
.dark part of a room
.dark part of a room
.dark part of a room
.dark part of a room
.dark part of a room
wall
unexplored area
unexplored area
unexplored area
unexplored area
unexplored area
unexplored area
unexplored area
unexplored area
unexplored area
unexplored area
unexplored area
unexplored area
unexplored area
unexplored area
unexplored area
unexplored area
unexplored area
unexplored area
unexplored area
unexplored area
unexplored area
unexplored area
unexplored area
unexplored area
unexplored area
unexplored area
unexplored area
unexplored area
unexplored area
unexplored area
unexplored area
unexplored area
unexplored area
unexplored area
unexplored area
unexplored area
unexplored area
wall
.dark part of a room
.dark part of a room
AAngel of Ptah
.dark part of a room
akiller bee
.dark part of a room
@priestess of Anhur
@peaceful renegade priestess of Thoth
.dark part of a room
Apeaceful Angel of Thoth
.dark part of a room
asoldier ant
.dark part of a room
wall
unexplored area
unexplored area
unexplored area
.dark part of a room
.dark part of a room
.dark part of a room
.dark part of a room
.dark part of a room
.dark part of a room
.dark part of a room
.dark part of a room
.dark part of a room
.doorway
.dark part of a room
.dark part of a room
.dark part of a room
.dark part of a room
.dark part of a room
-open door
.dark part of a room
.dark part of a room
.dark part of a room
_aligned high altar
.dark part of a room
.dark part of a room
.dark part of a room
wall
unexplored area
unexplored area
unexplored area
unexplored area
unexplored area
unexplored area
unexplored area
unexplored area
unexplored area
unexplored area
unexplored area
unexplored area
unexplored area
unexplored area
unexplored area
unexplored area
unexplored area
unexplored area
unexplored area
unexplored area
unexplored area
unexplored area
unexplored area
unexplored area
unexplored area
unexplored area
unexplored area
unexplored area
unexplored area
unexplored area
unexplored area
unexplored area
unexplored area
unexplored area
unexplored area
unexplored area
unexplored area
wall
.dark part of a room
unexplored area
wall
wall
wall
wall
.doorway
wall
wall
wall
wall
unexplored area
.dark part of a room
wall
unexplored area
unexplored area
unexplored area
unexplored area
.dark part of a room
.dark part of a room
.dark part of a room
.dark part of a room
.dark part of a room
.dark part of a room
.dark part of a room
wall
wall
wall
.dark part of a room
.dark part of a room
.dark part of a room
.dark part of a room
wall
.dark part of a room
.dark part of a room
.dark part of a room
.dark part of a room
.dark part of a room
.dark part of a room
.dark part of a room
wall
unexplored area
unexplored area
unexplored area
unexplored area
unexplored area
unexplored area
unexplored area
unexplored area
unexplored area
unexplored area
unexplored area
unexplored area
unexplored area
unexplored area
unexplored area
unexplored area
unexplored area
unexplored area
unexplored area
unexplored area
unexplored area
unexplored area
unexplored area
unexplored area
unexplored area
unexplored area
unexplored area
unexplored area
unexplored area
unexplored area
unexplored area
unexplored area
unexplored area
unexplored area
unexplored area
unexplored area
unexplored area
wall
unexplored area
AAngel of Anhur
wall
.floor of a room
.floor of a room
mgiant mimic, mimicking an altar
.floor of a room
.floor of a room
.floor of a room
.floor of a room
wall
@priest of Ptah
unexplored area
wall
unexplored area
unexplored area
unexplored area
unexplored area
unexplored area
.dark part of a room
.dark part of a room
.dark part of a room
.dark part of a room
.dark part of a room
wall
wall
unexplored area
wall
wall
.dark part of a room
.dark part of a room
.dark part of a room
wall
.dark part of a room
.dark part of a room
.dark part of a room
.dark part of a room
.dark part of a room
.dark part of a room
.dark part of a room
wall
unexplored area
unexplored area
unexplored area
unexplored area
unexplored area
unexplored area
unexplored area
unexplored area
unexplored area
unexplored area
unexplored area
unexplored area
unexplored area
unexplored area
unexplored area
unexplored area
unexplored area
unexplored area
unexplored area
unexplored area
unexplored area
unexplored area
unexplored area
unexplored area
unexplored area
unexplored area
unexplored area
unexplored area
unexplored area
unexplored area
unexplored area
unexplored area
unexplored area
unexplored area
unexplored area
unexplored area
unexplored area
unexplored area
unexplored area
unexplored area
wall
.floor of a room
.floor of a room
.floor of a room
.floor of a room
.floor of a room
.floor of a room
.floor of a room
wall
@priest of Moloch
unexplored area
unexplored area
unexplored area
unexplored area
unexplored area
unexplored area
unexplored area
unexplored area
wall
wall
wall
wall
wall
unexplored area
unexplored area
unexplored area
wall
wall
.dark part of a room
.dark part of a room
wall
wall
wall
wall
wall
wall
wall
wall
wall
unexplored area
unexplored area
unexplored area
unexplored area
unexplored area
unexplored area
unexplored area
unexplored area
unexplored area
unexplored area
unexplored area
unexplored area
unexplored area
unexplored area
unexplored area
unexplored area
unexplored area
unexplored area
unexplored area
unexplored area
unexplored area
unexplored area
unexplored area
unexplored area
unexplored area
unexplored area
unexplored area
unexplored area
unexplored area
unexplored area
unexplored area
unexplored area
unexplored area
unexplored area
unexplored area
unexplored area
unexplored area
unexplored area
unexplored area
unexplored area
wall
.floor of a room
@knight called Stephen the Chevalier
@peaceful invisible high priestess of Thoth
@human wizard called Merlek
.floor of a room
.floor of a room
.floor of a room
wall
unexplored area
unexplored area
unexplored area
unexplored area
unexplored area
unexplored area
unexplored area
unexplored area
unexplored area
unexplored area
unexplored area
unexplored area
unexplored area
unexplored area
unexplored area
unexplored area
unexplored area
unexplored area
wall
.dark part of a room
.dark part of a room
.dark part of a room
unexplored area
unexplored area
unexplored area
unexplored area
unexplored area
unexplored area
unexplored area
unexplored area
unexplored area
unexplored area
unexplored area
unexplored area
unexplored area
unexplored area
unexplored area
unexplored area
unexplored area
unexplored area
unexplored area
unexplored area
unexplored area
unexplored area
unexplored area
unexplored area
unexplored area
unexplored area
unexplored area
unexplored area
unexplored area
unexplored area
unexplored area
unexplored area
unexplored area
unexplored area
unexplored area
unexplored area
unexplored area
unexplored area
unexplored area
unexplored area
unexplored area
unexplored area
unexplored area
unexplored area
unexplored area
unexplored area
unexplored area
unexplored area
wall
.floor of a room
.floor of a room
.floor of a room
.floor of a room
.floor of a room
@priestess of Moloch
.floor of a room
wall
unexplored area
unexplored area
unexplored area
unexplored area
unexplored area
unexplored area
unexplored area
unexplored area
unexplored area
unexplored area
unexplored area
unexplored area
unexplored area
unexplored area
unexplored area
unexplored area
unexplored area
unexplored area
wall
wall
wall
wall
wall
unexplored area
unexplored area
unexplored area
unexplored area
unexplored area
unexplored area
unexplored area
unexplored area
unexplored area
unexplored area
unexplored area
unexplored area
unexplored area
unexplored area
unexplored area
unexplored area
unexplored area
unexplored area
unexplored area
unexplored area
unexplored area
unexplored area
unexplored area
unexplored area
unexplored area
unexplored area
unexplored area
unexplored area
unexplored area
unexplored area
unexplored area
unexplored area
unexplored area
unexplored area
unexplored area
unexplored area
unexplored area
unexplored area
unexplored area
unexplored area
unexplored area
unexplored area
unexplored area
unexplored area
unexplored area
unexplored area
@priest of Ptah
wall
.floor of a room
.floor of a room
.floor of a room
.floor of a room
.floor of a room
.floor of a room
@invisible caveman called Ken the Pioneer
wall
unexplored area
unexplored area
unexplored area
unexplored area
unexplored area
unexplored area
unexplored area
unexplored area
unexplored area
unexplored area
unexplored area
unexplored area
unexplored area
unexplored area
unexplored area
unexplored area
unexplored area
unexplored area
unexplored area
unexplored area
unexplored area
unexplored area
unexplored area
unexplored area
unexplored area
unexplored area
unexplored area
unexplored area
unexplored area
unexplored area
unexplored area
unexplored area
unexplored area
unexplored area
unexplored area
unexplored area
unexplored area
unexplored area
unexplored area
unexplored area
unexplored area
unexplored area
unexplored area
unexplored area
unexplored area
unexplored area
unexplored area
unexplored area
unexplored area
unexplored area
unexplored area
unexplored area
unexplored area
unexplored area
unexplored area
unexplored area
unexplored area
unexplored area
unexplored area
unexplored area
unexplored area
unexplored area
unexplored area
unexplored area
unexplored area
unexplored area
unexplored area
unexplored area
unexplored area
unexplored area
wall
wall
wall
wall
wall
wall
wall
wall
wall
Arenegade Angel of Thoth
unexplored area
unexplored area
unexplored area
unexplored area
unexplored area
unexplored area
unexplored area
unexplored area
unexplored area
unexplored area
unexplored area
unexplored area
unexplored area
unexplored area
unexplored area
unexplored area
unexplored area
unexplored area
unexplored area
unexplored area
unexplored area
unexplored area
unexplored area
unexplored area
unexplored area
unexplored area
unexplored area
unexplored area
unexplored area
unexplored area
unexplored area
unexplored area
unexplored area
unexplored area
unexplored area
unexplored area
unexplored area
unexplored area
unexplored area
unexplored area
unexplored area
unexplored area
unexplored area
unexplored area
unexplored area
unexplored area
unexplored area
unexplored area
unexplored area
unexplored area
unexplored area
unexplored area
unexplored area
unexplored area
unexplored area
unexplored area
unexplored area
unexplored area
unexplored area
unexplored area
unexplored area
unexplored area
unexplored area
unexplored area
unexplored area
unexplored area
unexplored area
unexplored area
unexplored area
unexplored area
AAngel of Anhur
AAngel of Thoth
unexplored area
unexplored area
unexplored area
unexplored area
unexplored area
unexplored area
unexplored area
unexplored area
unexplored area
unexplored area
unexplored area
unexplored area
unexplored area
unexplored area
unexplored area
unexplored area
unexplored area
unexplored area
unexplored area
unexplored area
unexplored area
unexplored area
unexplored area
unexplored area
unexplored area
unexplored area
unexplored area
unexplored area
unexplored area
unexplored area
unexplored area
unexplored area
unexplored area
unexplored area
unexplored area
unexplored area
unexplored area
unexplored area
unexplored area
unexplored area
unexplored area
unexplored area
unexplored area
unexplored area
unexplored area
unexplored area
unexplored area
unexplored area
unexplored area
unexplored area
unexplored area
unexplored area
unexplored area
unexplored area
unexplored area
unexplored area
unexplored area
unexplored area
unexplored area
unexplored area
unexplored area
unexplored area
unexplored area
unexplored area
unexplored area
unexplored area
unexplored area
unexplored area
unexplored area
unexplored area
unexplored area
unexplored area
unexplored area
unexplored area
unexplored area
unexplored area
unexplored area
unexplored area
unexplored area
unexplored area
unexplored area
unexplored area
unexplored area
unexplored area
unexplored area
unexplored area
unexplored area
unexplored area
unexplored area
unexplored area
unexplored area
unexplored area
unexplored area
unexplored area
unexplored area
unexplored area
unexplored area
unexplored area
unexplored area
unexplored area
unexplored area
unexplored area
unexplored area
unexplored area
unexplored area
unexplored area
unexplored area
unexplored area
unexplored area
unexplored area
unexplored area
unexplored area
unexplored area
unexplored area
unexplored area
unexplored area
unexplored area
unexplored area
unexplored area
unexplored area
[Merlek the Mage ] St:18/05 Dx:23 Co:18 In:18 Wi:18 Ch:18 Neutral Astral Plane $:0 HP:519(568) Pw:137(336) AC:-48 Xp:30/100107859 T:59733

Latest messages:

The blast of frost hits the giant ant!
The blast of frost whizzes by you!
The door freezes and shatters!
You hear a mumbled curse.
The soldier ant misses!
The soldier ant misses!
The invisible high priestess intones:
"Pilgrim, you enter a sacred place!"
The killer bee misses!
The soldier ant misses!
The soldier ant misses!
Stephen the Chevalier drinks a potion of gain level!
Stephen the Chevalier seems more experienced.
Ken the Pioneer drinks a potion of gain level!
Ken the Pioneer seems more experienced.
Stephen the Chevalier wields a long sword!
Ken the Pioneer drinks a potion of invisibility!
Ken the Pioneer's body takes on a strange transparency.
You hear a mumbled curse.
Stephen the Chevalier turns to flee.
Ken the invisible Pioneer wields a mace!
"Burrrrp!"
Ken the invisible Pioneer turns to flee.
You hear a chugging sound.
There is a high altar to Thoth (neutral) here.
What do you want to use or apply? [cdhklorsxBCGILOQX or ?*]
K - a wand of death (0:5).
"Burrrrp!"
#
What do you want to use or apply? [cdhklorsxBCGIKLOQX or ?*]
A - a wand of wishing (1:2).
What do you want to zap? [dA-CGKL or ?*]
You may wish for an object.
Oops! The ice box drops to the floor!
There is an amber flash as an ice box hits the altar.
You hear a mumbled curse.
What do you want to use or apply? [cdhklorsxA-CGIKLOQX or ?*]
#
What do you want to sacrifice? [e or ?*]
You offer the Amulet of Yendor to Thoth...
An invisible choir sings, and you are bathed in radiance...
The voice of Thoth booms: "Mortal, thou hast done well!"
"In return for thy service, I grant thee the gift of Immortality!"
You ascend to the status of Demigod...
Do you want your possessions identified? [ynq] (y)
Do you want to see your attributes? [ynq] (y)
Do you want an account of creatures vanquished? [ynaq] (y)
Do you want a list of species genocided and extinct? [ynq] (y)
Do you want to see your conduct and achievements? [ynq] (y)
Do you want to see the dungeon overview? [ynq] (y)

Inventory:

Amulets

P - the blessed Eye of the Aethiopica (being worn)

Weapons

w - 7 blessed +7 elven daggers (at the ready)
a - the blessed rustproof +2 Magicbane (weapon in hand)

Armor

Y - a blessed greased burnt +7 elven leather helm (being worn)
j - a blessed greased +5 pair of gauntlets of dexterity (being worn)
S - a blessed greased fireproof +5 pair of speed boots (being worn)
n - a blessed greased +5 small shield (being worn)
b - a blessed +5 cloak of magic resistance (being worn)
W - a blessed +5 Hawaiian shirt with a plumeria motif (being worn)
V - a blessed greased +5 silver dragon scale mail (being worn)

Scrolls

N - a blessed scroll of blank paper

Spellbooks

c - the uncursed Book of the Dead

Rings

t - a blessed ring of free action (on right hand)
v - an uncursed ring of slow digestion (on left hand)

Wands

L - a wand of cancellation (1:11)
K - a wand of death (0:5)
C - a wand of fire (1:4)
d - a wand of opening (0:6)
G - a wand of teleportation (0:2)
B - a wand of teleportation (0:1)
A - a wand of wishing (1:1)

Tools

I - a blessed greased bag of holding containing 49 items
Q - an empty blessed greased oilskin sack
r - an uncursed bugle named crowned
s - the Bell of Opening (0:2)
O - the uncursed Candelabrum of Invocation (7 of 7 candles, lit)
l - a blessed magic lamp (lit)
o - a blessed magic marker (1:57)
x - a +0 pick-axe named protection 2
k - an uncursed skeleton key named p14780
X - an uncursed towel named genocided Lh;cPR
h - a blessed +0 unicorn horn

Gems/Stones

i - a blessed luckstone

Contents of the bag of holding:

an uncursed amulet of life saving
an uncursed amulet of life saving
an uncursed +0 pair of water walking boots
an uncursed +0 oilskin cloak
2 uncursed lembas wafers
2 uncursed sprigs of wolfsbane
49 blessed scrolls of blank paper
4 cursed scrolls of blank paper
7 blessed scrolls of charging
2 uncursed scrolls of earth
a blessed scroll of enchant armor
an uncursed scroll of fire
2 blessed scrolls of genocide
4 blessed scrolls of gold detection
3 uncursed scrolls of identify
4 blessed scrolls of magic mapping
4 uncursed scrolls of magic mapping
3 blessed scrolls of remove curse
an uncursed scroll of scare monster
3 blessed scrolls of taming
an uncursed spellbook of blank paper
an uncursed potion of extra healing
6 blessed potions of full healing
an uncursed potion of gain level
2 blessed potions of restore ability
6 potions of holy water
6 uncursed potions of water
a potion of unholy water
an uncursed ring of levitation
an uncursed ring of polymorph
an uncursed ring of polymorph control
a wand of cold (0:5)
a wand of digging (0:3)
a wand of digging (0:6)
a wand of digging (0:5)
a wand of enlightenment (0:10)
a wand of fire (0:7)
a wand of speed monster (0:7)
a blessed can of grease (0:10)
a blessed magic lamp
a blessed magic lamp
a blessed magic marker (1:44)
a blessed magic marker (1:44)
a magic marker (1:79)
a magic marker (0:38)
a magic marker (0:24)
a magic marker (0:4)
a blessed oil lamp
a blessed stethoscope

Merlek the Wizard's attributes:


Background:

You were a Mage, a level 30 male human Wizard.
You were neutral, on a mission for Thoth
who was opposed by Ptah (lawful) and Anhur (chaotic).
You were in the endgame, on the Astral Plane.
You entered the dungeon 59733 turns ago.
You had 100107859 experience points.

Basics:

You had 519 out of 568 hit points.
You had 137 out of 336 energy points (spell power).
Your armor class was -48.
Your wallet was empty.
Autopickup was on for '$' plus thrown, with exceptions.

Final Characteristics:

Your strength was 18/05 (limit:18/100).
Your dexterity was 23 (base:18, innate limit:18).
Your constitution was 18 (limit:18).
Your intelligence was 18 (limit:18).
Your wisdom was 18 (limit:18).
Your charisma was 18 (limit:18).

Final Status:

You were not hungry.
You were unencumbered.
You were wielding a dagger.
You had expert skill with dagger.

Final Attributes:

You were the Envoy of Balance.
You were piously aligned.
You were magic-protected.
You were fire resistant.
You were cold resistant.
You were sleep resistant.
You were disintegration-resistant.
You were shock resistant.
You were poison resistant.
You saw invisible.
You were telepathic.
You were warned.
You were stealthy.
You had teleport control.
You had slower digestion.
You had a moderate defense bonus (+8).
You were warded.
You took half spell damage.
You were very fast.
You had reflection.
You had free action.
You were extremely lucky.
You had extra luck.
Good luck did not time out for you.
You survived.

Miscellaneous:
You encountered 1 bones level.
Total elapsed playing time was 18 hours, 25 minutes and 48 seconds.

Major events:

Turn

1: Merlek the neutral male human Wizard entered the dungeon
407: entered the Gnomish Mines
1058: attained the rank of Conjurer (level 3)
1919: made his first wish - "blessed greased fixed +2 silver dragon scale mail", got "a greased silver dragon scale mail"
2767: was bestowed with Magicbane by Thoth
3097: destroyed Merlek's ghost, the former Conjurer
3175: attained the rank of Thaumaturge (level 6)
3935: reached Mine Town
5435: entered Sokoban
5688: completed sokoban 1
6199: completed sokoban 2
6512: completed sokoban 3
7437: completed sokoban 4
7600: acquired the Sokoban bag of holding
10177: attained the rank of Magician (level 10)
14530: entered the Bigroom
16360: found Sunsword on the floor
17839: performed his first genocide (master mind flayers)
18354: attained the rank of Enchanter (level 14)
18473: attained the rank of Sorcerer (level 18)
20124: found the Eye of the Aethiopica on the floor
20200: killed the invisible Dark One
20201: acquired the Bell of Opening
29131: acquired the Mines' End luckstone
30626: was bestowed with Fire Brand by Thoth
30766: was bestowed with Frost Brand by Thoth
31675: attained the rank of Necromancer (level 22)
35768: was bestowed with Mjollnir by Thoth
36674: attained the rank of Wizard (level 26)
37118: found Demonbane carried by a monster
39046: became Thoth's Envoy of Balance
39046: was bestowed with spellbook of finger of death
44779: wished for "blessed greased fixed +2 speed boots", got "a greased pair of jungle boots"
44871: wished for "marker", got "a magic marker"
44873: genocided class L
44875: genocided class h
44877: genocided class ;
46479: wished for "blessed ring of free action", got "a granite ring"
46481: wished for "marker", got "a magic marker"
48182: attained the rank of Mage (level 30)
48971: killed Medusa
49373: entered Gehennom
50081: genocided class P
50300: killed Juiblex
50570: bribed Asmodeus with 341 zorkmids for safe passage
50733: bribed Baalzebub with 74 zorkmids for safe passage
51356: destroyed Vlad the Impaler
51358: acquired the Candelabrum of Invocation
52546: killed Orcus
53820: genocided class R
53820: genocided class c
56819: killed the Wizard of Yendor
56819: acquired the Book of the Dead
57026: performed the invocation
57357: killed the high priestess of Moloch
57359: acquired The Amulet of Yendor
58068: killed the Wizard of Yendor (2nd time)
58861: killed the Wizard of Yendor (3rd time)
59432: entered the Elemental Planes
59432: entered Plane of Earth
59496: entered Plane of Air
59544: entered Plane of Fire
59596: entered Plane of Water
59626: killed the Wizard of Yendor (5th time)
59653: entered the Astral Plane
59669: killed Pestilence
59699: killed Pestilence (2nd time)
59715: killed Famine
59732: wished for "blessed ice box", got "an ice box"
59733: ascended

Vanquished creatures:

Orcus
Juiblex
the Wizard of Yendor (5 times)
Pestilence (twice)
Famine
Vlad the Impaler
a high cleric
Medusa
4 iron golems
11 storm giants
2 glass golems
5 balrogs
3 purple worms
a silver dragon
6 red dragons
2 white dragons
an orange dragon
5 black dragons
a blue dragon
3 green dragons
3 yellow dragons
15 minotaurs
2 jabberwocks
the Dark One
4 baluchitheria
3 Angels
a demilich
a stone golem
a master mind flayer
11 Olog-hai
2 Nazgul
7 pit fiends
a sandestin
2 displacer beasts
4 titanotheres
6 trappers
a guardian naga
3 genetic engineers
a disenchanter
26 vampire leaders
4 skeletons
16 aligned clerics
5 captains
6 shades
4 liches
5 clay golems
15 nurses
an ice devil
5 nalfeshnees
8 lurkers above
6 Aleaxes
3 frost giants
9 ettins
5 golden nagas
4 black puddings
35 vampires
6 lieutenants
42 ghosts
11 winged gargoyles
4 mind flayers
9 giant mimics
16 long worms
21 zruties
16 fire giants
22 ogre tyrants
4 ice trolls
10 rock trolls
8 umber hulks
11 flesh golems
16 elven monarchs
7 doppelgangers
5 hezrous
a bone devil
10 large mimics
11 wumpuses
4 fire vortices
10 couatls
17 stalkers
5 air elementals
16 fire elementals
9 earth elementals
8 water elementals
26 hill giants
7 giant mummies
9 black nagas
23 xorns
15 giant zombies
19 elf-nobles
19 sergeants
3 water demons
5 barbed devils
3 vrocks
6 salamanders
24 wargs
3 winter wolves
2 hell hound pups
18 small mimics
7 glass piercers
18 warhorses
4 steam vortices
24 xans
8 ettin mummies
11 ogre leaders
27 quantum mechanics
35 trolls
5 sasquatches
20 wood golems
3 erinyes
2 mariliths
4 sharks
23 gelatinous cubes
13 pyrolisks
7 large dogs
7 freezing spheres
15 flaming spheres
23 shocking spheres
5 large cats
13 tigers
8 gargoyles
7 dwarf rulers
21 tengu
16 ochre jellies
15 leocrottas
8 energy vortices
7 mountain centaurs
12 stone giants
8 elf mummies
6 human mummies
6 red nagas
7 pythons
8 pit vipers
5 cobras
66 wraiths
16 carnivorous apes
26 ettin zombies
12 leather golems
37 Grey-elves
59 soldiers
14 amorous demons
7 horned devils
15 chameleons
15 crocodiles
31 giant beetles
12 quivering blobs
40 cockatrices
41 wolves
28 winter wolf cubs
7 lynxes
8 panthers
51 gremlins
10 spotted jellies
25 leprechauns
11 orc-captains
15 iron piercers
11 mumakil
12 giant spiders
14 scorpions
11 horses
9 ice vortices
14 black lights
59 vampire bats
6 forest centaurs
12 gnome rulers
11 orc mummies
5 dwarf mummies
12 ogres
6 brown puddings
24 rust monsters
31 owlbears
17 yetis
6 gold golems
5 werewolves
24 Green-elves
7 giant eels
36 lizards
24 chickatrices
5 dingoes
7 dogs
7 housecats
22 jaguars
12 dwarf leaders
15 blue jellies
15 white unicorns
6 gray unicorns
5 black unicorns
13 dust vortices
23 ravens
15 plains centaurs
12 gnome mummies
16 snakes
2 water moccasins
32 apes
32 human zombies
9 rope golems
25 Woodland-elves
54 soldier ants
15 fire ants
15 bugbears
12 imps
4 lemures
26 quasits
8 wood nymphs
15 water nymphs
11 mountain nymphs
45 Mordor orcs
41 Uruk-hai
14 orc shamans
22 rock piercers
13 rock moles
15 ponies
13 fog clouds
31 yellow lights
4 shriekers
16 violet fungi
32 gnome leaders
12 gnomish wizards
9 kobold mummies
16 gray oozes
10 barrow wights
36 elf zombies
16 ghouls
9 straw golems
13 paper golems
3 jellyfish
35 giant ants
6 little dogs
38 floating eyes
9 kittens
37 dwarves
19 homunculi
10 kobold leaders
4 kobold shamans
88 hill orcs
61 rothes
4 rabid rats
6 centipedes
24 giant bats
8 monkeys
37 orc zombies
43 dwarf zombies
4 wererats
7 werejackals
40 iguanas
74 killer bees
9 acid blobs
18 coyotes
9 gas spores
25 hobbits
36 manes
6 large kobolds
24 hobgoblins
2 orcs
24 giant rats
22 cave spiders
4 brown molds
11 yellow molds
9 green molds
12 red molds
63 gnomes
44 garter snakes
22 gnome zombies
46 geckos
70 jackals
5 foxes
9 kobolds
20 goblins
22 sewer rats
48 grid bugs
17 bats
35 lichens
12 kobold zombies
36 newts
4091 creatures vanquished.

Genocided or extinct species:

chickatrices
cockatrices
pyrolisks
hobbits
dwarves
bugbears
dwarf leaders
dwarf rulers
mind flayers
master mind flayers
liches
demiliches
master liches
arch-liches
gray oozes
brown puddings
green slimes
black puddings
rust monsters
disenchanters
erinyes (extinct)
jellyfish
piranha
sharks
giant eels
electric eels
krakens
26 species genocided.
1 species extinct.

Voluntary challenges:

You read items or engraved 163 times.
You never engraved Elbereth.
You genocided 26 types of monsters.
You never changed form.
You used 6 wishes.
You did not wish for any artifacts.
You violated the special Sokoban rules once.

Achievements:

You entered a shop.
You entered the Gnomish Mines.
You attained the rank of Conjurer.
You attained the rank of Thaumaturge.
You entered Minetown.
You entered Sokoban.
You completed Sokoban.
You attained the rank of Magician.
You entered the Big Room.
You entered a temple.
You attained the rank of Enchanter.
You attained the rank of Sorcerer.
You had the Bell of Opening.
You learned the tune to open and close the Castle's drawbridge.
You completed the Gnomish Mines.
You attained the rank of Necromancer.
You attained the rank of Wizard.
You attained the rank of Mage.
You defeated Medusa.
You entered Gehennom.
You had the Candelabrum of Invocation.
You had the Book of the Dead.
You gained access to Moloch's Sanctum.
You reached the Elemental Planes.
You reached the Astral Plane.
You delivered the Amulet of Yendor.
You ascended!

The Elemental Planes:

   Astral Plane: <- You are here.
Many altars.
Plane of Water:
Plane of Fire:
Plane of Air:
Plane of Earth:

The Dungeons of Doom: levels 1 to 26

   Level 1:
One way stairs up to The Elemental Planes.
Level 2: "4 runed daggers"
A scroll shop, an altar to Thoth.
Stairs down to The Gnomish Mines.
Level 3:
A fountain.
Level 4:
A shop, a fountain.
Level 5:
Oracle of Delphi.
Level 6:
A general store.
Stairs up to Sokoban, level 5.
Level 7:
A fountain.
Level 8:
Level 9:
Level 10:
A very big room.
Level 11: "vault"
An altar to Thoth.
Level 12:
A sink.
Portal to The Quest.
Level 13:
An altar to Thoth, a throne, a fountain, a grave.
Level 14:
A temple to Thoth, a fountain.
Level 15:
Many graves.
Level 16:
A throne, a fountain.
Level 17:
Many altars.
Level 18:
A primitive area.
Level 19:
A fountain.
Level 20:
A fountain.
Level 21:
A sink.
Level 22:
Some fountains, a sink.
Level 23:
Some altars, some fountains.
Level 24:
A fountain.
Level 25:
Level 26:
A throne, a fountain.
The castle (play notes "EAEBA" to open or close drawbridge).
Connection to Gehennom.

Gehennom: levels 27 to 50

   Level 27:
A temple, many graves.
Valley of the Dead.
Level 28:
Level 29:
Level 30:
Level 31:
A fountain.
Level 32:
Level 33:
Level 34:
Level 35:
Level 36:
Level 37:
Level 38:
Stairs up to Vlad's Tower, level 37.
Level 39:
Some shops, an altar, some graves.
Level 40: "ORCUS ABOVE!"
Level 41:
Level 42:
Level 43:
Level 44:
Level 45: "tower"
Level 46:
Level 47:
Level 48: "tower"
Level 49:
Level 50:
A temple, many graves.
Moloch's Sanctum.

The Gnomish Mines: levels 3 to 11

   Level 3:
Level 4: "CoMR"
A grave.
Final resting place for
Merlek-Wiz-Hum-Mal-Neu, killed by a dwarf.
Level 5:
Level 6:
An altar to Thoth, some fountains.
Level 7:
Level 8:
Level 9:
Level 10: "boh"
Level 11:
Some fountains.

The Quest: levels 1 to 5

   Level 1:
A throne.
Completed quest for Neferet the Green.
Level 2:
Level 3:
Level 4:
Level 5:
A temple.

Sokoban: levels 5 up to 2

   Level 2: "tinning kit"
Solved.
Level 3:
Solved.
Level 4:
Solved.
Level 5: "STASH"
Solved.

Vlad's Tower: levels 37 up to 35

   Level 35:
Level 36:
Level 37:

Goodbye Merlek the Demigod...


You went to your reward with 3323690 points,
Magicbane (worth 3500 zorkmids and 8750 points)
The Book of the Dead (worth 10000 zorkmids and 25000 points)
The Bell of Opening (worth 5000 zorkmids and 12500 points)
The Candelabrum of Invocation (worth 5000 zorkmids and 12500 points)
The Eye of the Aethiopica (worth 4000 zorkmids and 10000 points)
2 amulets of life saving (worth 300 zorkmids),
and 0 pieces of gold, after 59733 moves.
You were level 30 with a maximum of 568 hit points when you ascended.